 Dungeon Crawl Stone Soup version 0.32-a0-928-g1cae6b7ea0 (webtiles) character file.

Game seed: 6628641360207539623

130 Autsider the Digger (level 5, -1/30 HPs)
             Began as a Gargoyle Earth Elementalist on Apr 12, 2024.
             Slain by an iguana (9 damage)
             ... on level 4 of the Dungeon.
             The game lasted 00:06:52 (2765 turns).

Autsider the Digger (Gargoyle Earth Elementalist)   Turns: 2765, Time: 00:06:52

Health: -1/30      AC:  7    Str: 18    XL:     5   Next: 14%
Magic:  9/9        EV: 11    Int: 17    God:
Gold:   141        SH:  0    Dex: 10    Spells: 5/9 levels left

rFire   + . .        q - +3 sling
rCold   . . .        (no shield)
rNeg    + . .        a - +0 robe
rPois   ∞            (no helmet)
rElec   +            (no cloak)
rCorr   .            g - +0 pair of gloves
SInv    .            (no boots)
Will    .....        (no amulet)
Stlth   ++           b - +6 ring of strength
HPRegen 0.25/turn    f - ring of protection from fire
MPRegen 0.11/turn

%: no passive effects
@: no status effects
A: sickness immunity, AC +4, negative energy resistance 1, electricity
resistance, torment resistance 1, petrification resistance
a: no special abilities


You were on level 4 of the Dungeon.
You visited 1 branch of the dungeon, and saw 4 of its levels.

You collected 141 gold pieces.

Inventory:

Hand Weapons
 c - a +0 whip
 q - a +3 sling (weapon)
Armour
 a - a +0 robe (worn)
 g - a +0 pair of gloves (worn)
Jewellery
 b - a +6 ring of strength (left hand)
 f - a ring of protection from fire (right hand)
 l - a ring of ice
Scrolls
 e - a scroll of blinking {unknown}
 j - a scroll of summoning {unknown}
 n - a scroll of revelation {unknown}
 o - a scroll of identify {unknown}
 p - a scroll of noise {unknown}
Potions
 d - 2 potions of degeneration {unknown}
 i - a potion of resistance {unknown}
 k - a potion of heal wounds {unknown}
 m - a potion of attraction {unknown}


   Skills:
 + Level 2.0 Fighting
 - Level 1.5 Dodging
 - Level 2.1 Stealth
 + Level 2.7 Spellcasting
 + Level 2.5 Conjurations
 * Level 5.1 Earth Magic


You had 5 spell levels left.
You knew the following spells:

 Your Spells              Type           Power      Damage    Failure   Level
a - Sandblast             Erth           38%        2d10      2%          1
b - Stone Arrow           Conj/Erth      30%        3d8       11%         3

Your spell library contained the following spells:

 Spells                   Type           Power      Damage    Failure   Level
 Passwall                 Erth           19%        N/A       7%          3
 Brom's Barrelling Bould  Conj/Erth      15%        2d4       36%         4
 Frozen Ramparts          Ice            4%         1d1       47%         3
 Inner Flame              Hex/Fire       2%         N/A       47%         3
 Ozocubu's Armour         Ice            2%         N/A       47%         3
 Petrify                  Alch/Erth      11%        N/A       54%         4
 Flame Wave               Conj/Fire      6%         2d5       71%         4
 Sticky Flame             Fire/Alch      2%         2d4       87%         4
 Metabolic Englaciation   Hex/Ice        1%         N/A       99%         5


Dungeon Overview and Level Annotations

Branches:
Dungeon (4/15)
 Temple: D:4-7

Altars:
Hepliaklqana

Annotations:
D:2 exclusion: downstairs


Innate Abilities, Weirdness & Mutations

You are immune to sickness and miasma.
Your stone body is resilient. (AC +4)
You are immune to poison.
You resist negative energy. (rN+)
You are resistant to electric shocks. (rElec)
You are resistant to unholy torment.
You are immune to petrification.


Message History

The iguana bites you but does no damage.
An endoplasm comes into view.
The endoplasm quivers.
There is a stone staircase leading down here.
The endoplasm freezes you.
You are frozen.
The iguana attacks as it pursues you! The iguana bites you!
* * * LOW HITPOINT WARNING * * *
The gnoll shouts!
The endoplasm attacks as it pursues you!
The endoplasm hits you but does no damage.
The endoplasm attacks as it pursues you!
The endoplasm closely misses you.
The endoplasm attacks as it pursues you!
The endoplasm closely misses you.
The iguana hisses menacingly.
There is a stone staircase leading up here.
The endoplasm freezes you.
You are frozen.
* * * LOW HITPOINT WARNING * * *
The gnoll hits you from afar with a +0 spear.
* * * LOW HITPOINT WARNING * * *
You climb upwards.
There is a stone staircase leading down here.
Casting: Sandblast (safe; 2% risk of failure)
Confirm with . or Enter, or press ? or * to list all spells.
Aiming: Sandblast (safe; 2% risk of failure)
Press: ? - help, Shift-Dir - straight line, f - endoplasm
Aim: an endoplasm (98% to hit)
The blast of sand hits the endoplasm!
You kill the endoplasm!
You start resting.
Magic restored.
You start resting.
HP restored.
You climb downwards.
The iguana bites you! The gnoll hits you with a +0 spear.
* * * LOW HITPOINT WARNING * * *
The gnoll hits you with a +0 flail!
* * * LOW HITPOINT WARNING * * *
The iguana bites you!
You die...

### #### ##.### ##..#
#....###...###
#......#.....##
##.###.........#.
#..###.#......##.
###..#.###.........
#####.g.##...÷......††.
#.....@.g.....#........
#....l.g........>...#..
..#.......#....####..##.
. #.......####.......##.
............##.##.#.#..
................####....
............#...#..##g##
............# #.......#
#.#####.#


You could see an iguana and 3 gnolls.

Vanquished Creatures
  3 gnolls
  3 adders (D:3)
  A ribbon worm (D:3)
  An orc (D:3)
  5 ball pythons
  9 endoplasms
  3 giant cockroaches
  4 goblins
  7 hobgoblins
  6 jackals
  2 quokkas
  5 bats
  2 frilled lizards
  10 kobolds
  3 rats
64 creatures vanquished.

Notes
Turn   | Place    | Note
-------+----------+-------------------------------------------
     0 | D:1      | Autsider the Gargoyle Earth Elementalist began the quest
                  | for the Orb.
     0 | D:1      | Reached XP level 1. HP: 10/10 MP: 3/3
    14 | D:1      | Found a faded altar of an unknown god.
   105 | D:1      | Reached XP level 2. HP: 6/16 MP: 0/5
   114 | D:1      | Reached skill level 4 in Earth Magic
   351 | D:1      | Reached skill level 1 in Fighting
   396 | D:1      | Reached XP level 3. HP: 19/20 MP: 4/6
   643 | D:1      | Learned a level 3 spell: Stone Arrow
  1619 | D:3      | Found a hazy altar of Hepliaklqana.
  1626 | D:2      | Reached XP level 4. HP: 13/25 MP: 2/7
  2055 | D:3      | Reached skill level 5 in Earth Magic
  2055 | D:3      | Reached XP level 5. HP: 30/30 MP: 4/9
  2558 | D:4      | Noticed an ogre
  2765 | D:4      | Slain by an iguana

Illustrated notes

Levels and vault maps discovered:
D:1:      zelgadis_glass_arrival_small, layout_rooms, basic_ecumenical_altar,
          minivault_19, minmay_pentomino_t4
D:2:      layout_basic
D:3:      layout_basic, mainiacjoe_overflow_catwalk
D:4:      layout_cave_pools, overflow_temple_1_default, serial_shops,
          nicolae_shop_real_fake_doors

Skill      XL: |  1  2  3  4 |
---------------+-------------+-----
Earth Magic    | 4 5 |  5.1
Fighting       | 1 2 |  2.0
Conjurations   | 2 |  2.5
Dodging        | |  1.5
Stealth        | |  2.1
Spellcasting   | |  2.7

Action                     |  1- 3 |  4- 6 || total
---------------------------+-------+-------++-------
  Melee: Whip              |    35 |       ||    35
   Fire: Sling             |       |     8 ||     8
   Cast: Sandblast         |    52 |    31 ||    83
         Stone Arrow       |       |     1 ||     1
    Use: Potion            |     1 |       ||     1
         Scroll            |       |     2 ||     2
 Armour: Robe              |    41 |    33 ||    74
  Dodge: Dodged            |    37 |    17 ||    54

Table legend: (Time is in decaauts)
 A = Elapsed time spent in this place.
 B = Non-inter-level travel time spent in this place.
 C = Inter-level travel time spent in this place.
 D = Time resting spent in this place.
 E = Time spent auto-exploring this place.
 F = Levels seen in this place.
 G = Mean time per level.
                   A        B        C        D        E       F      G
               +--------+--------+--------+--------+--------+-----+--------+
         Total |   2811 |   2678 |    133 |    206 |   2038 |   4 |  702.8 |
       Dungeon |   2811 |   2678 |    133 |    206 |   2038 |   4 |  702.8 |
               +--------+--------+--------+--------+--------+-----+--------+

Top non-repeatable levels by time:
     D:2: 945 daAuts
     D:3: 910 daAuts
     D:1: 787 daAuts
     D:4: 168 daAuts
